 Dungeon Crawl Stone Soup version 0.26-a0-1164-g1a551d6a14 (webtiles) character file.

Game seed: 15094136459594893468

96 uibert the Grasshopper (level 4, -2/23 HPs)
             Began as a Spriggan Warper on Dec 23, 2020.
             Slain by Natasha (8 damage)
             ... on level 2 of the Dungeon.
             The game lasted 00:11:22 (3541 turns).

uibert the Grasshopper (Spriggan Warper)            Turns: 3541, Time: 00:11:22

Health: -2/23      AC:  2    Str:  8    XL:     4   Next: 41%
Magic:  9/9        EV: 19    Int: 14    God:
Gold:   109        SH:  0    Dex: 15    Spells: 7/9 levels left

rFire    . . .     SeeInvis +   h - +0 long sword
rCold    . . .     Faith    .   (shield restricted)
rNeg     . . .     Spirit   .   b - +0 robe
rPois    .         Reflect  .   (helmet restricted)
rElec    .         Harm     .   (no cloak)
rCorr    .         Rampage  .   (gloves unavailable)
Will     .....                  (boots unavailable)
Stlth    ++........             (no amulet)
HPRegen  0.07/turn              (no ring)
MPRegen  0.11/turn              (no ring)

@: very quick
A: very small, unfitting armour, see invisible, speed 3
a: no special abilities


You were on level 2 of the Dungeon.
You visited 1 branch of the dungeon, and saw 2 of its levels.

You collected 109 gold pieces.

Inventory:

Hand Weapons
 a - a +0 short sword
 c - a +0 spear
 h - a +0 long sword (weapon)
Armour
 b - a +0 robe (worn)
Scrolls
 d - a scroll of blinking


   Skills:
 + Level 1.8 Fighting
 + Level 2.3(2.4) Short Blades
 - Level 0.2(1.1) Long Blades
 - Level 1.0 Throwing
 + Level 3.9 Dodging
 + Level 1.3 Stealth
 + Level 3.0 Spellcasting
 * Level 6.6 Translocations


You had 7 spell levels left.
You knew the following spells:

 Your Spells              Type           Power        Failure   Level
a - Blink                 Tloc           N/A          1%          2

Your spell library contained the following spells:

 Spells                   Type           Power        Failure   Level
 Gell's Gravitas          Tloc           10%          4%          3
 Lesser Beckoning         Tloc           10%          4%          3
 Teleport Other           Tloc           20%          4%          3
 Passage of Golubria      Tloc           N/A          14%         4


Dungeon Overview and Level Annotations

Branches:
Dungeon (2/15)

Altars:
Fedhas
Gozag
Kikubaaqudgha

Annotations:
D:2 Jessica, Natasha, Robin


Innate Abilities, Weirdness & Mutations

You are very small and have problems with some larger weapons.
You are too small for most types of armour.
You have supernaturally acute eyesight. (SInv)
You cover ground extremely quickly.


Message History

The goblin is heavily wounded.
The goblin completely misses you.
You riposte.
You barely miss the goblin.
The goblin is heavily wounded.
The goblin barely misses you.
You miss the goblin.
The goblin is heavily wounded.
The goblin closely misses you.
You hit the goblin.
You kill the goblin!
Natasha completely misses you.
You barely miss Natasha. Natasha claws you.
You slash Natasha!
Natasha is heavily wounded.
Natasha claws you.
* * * LOW HITPOINT WARNING * * *
Natasha completely misses you.
You completely miss Natasha.
Natasha is heavily wounded.
Natasha claws you!
You die...

#...............#####....#.## #
#...............# #..####..#
### ##.............## ##.# #.##
#.. ##.....#.....## #.####.#
### #####..###### ##.#....#
##.# #.....#### ######.#####
#.###..).## #..........######.#
####..##### #.............@h..#
####.g....
#..........###########......g..
#..............................
#..........###########.........
#..≈..≈.≈≈≈## #......<..
#.≈≈≈.≈.≈.≈≈# #######...
##≈.♣.÷.≈#### ####..
#≈≈≈..≈≈...# ####.....
##..≈...≈≈.≈# #....#...


You could see Natasha.

Vanquished Creatures
  Terence (D:2)
  An adder (D:2)
  2 oozes (D:1)
  A dart slug (D:1)
  A leopard gecko (D:1)
  2 bats (D:1)
  A giant cockroach (D:1)
  9 hobgoblins
  8 jackals
  A kobold (D:1)
  A frilled lizard (D:1)
  12 goblins
  7 rats
47 creatures vanquished.

Notes
Turn   | Place    | Note
-------+----------+-------------------------------------------
     0 | D:1      | uibert the Spriggan Warper began the quest for the Orb.
     0 | D:1      | Reached XP level 1. HP: 10/10 MP: 5/5
   188 | D:1      | Reached skill level 5 in Translocations
   258 | D:1      | Reached XP level 2. HP: 6/14 MP: 6/6
  1574 | D:1      | Reached skill level 6 in Translocations
  1580 | D:1      | Learned a level 2 spell: Blink
  1590 | D:1      | Reached XP level 3. HP: 13/18 MP: 8/8
  2264 | D:2      | Noticed Natasha
  2402 | D:2      | Noticed Jessica
  2449 | D:2      | Noticed Robin
  2736 | D:2      | Found an ancient bone altar of Kikubaaqudgha.
  2745 | D:2      | Found a blossoming altar of Fedhas.
  2751 | D:2      | Found an opulent altar of Gozag.
  2809 | D:2      | Noticed Terence
  2827 | D:2      | Killed Terence
  2828 | D:2      | Reached XP level 4. HP: 8/23 MP: 9/9
  2961 | D:2      | Reached skill level 1 in Stealth
  3541 | D:2      | Slain by Natasha

Illustrated notes

Levels and vault maps discovered:
D:1:      elethiomel_arrival_infinity_welcomes_careful_drivers, layout_basic
D:2:      layout_rooms, grunt_temple_overflow_diamond,
          chequers_serial_rivers_marsh, grunt_decor_one_mirror, uniq_natasha,
          uniq_terence, uniq_robin, uniq_jessica

Skill      XL: |  1  2  3  4 |
---------------+-------------+-----
Translocations | 5 6 |  6.6
Stealth        | 1 |  1.3
Spellcasting   | 3 |  3.0
Fighting       | |  1.8
Short Blades   | |  2.3
Long Blades    | |  0.2
Throwing       | |  1.0
Dodging        | |  3.9

Action                   |  1- 3 |  4- 6 || total
-------------------------+-------+-------++-------
Melee: Short sword       |   131 |     7 ||   138
       Long sword        |    19 |    50 ||    69
Throw: Boomerang         |     5 |       ||     5
 Cast: Blink             |     4 |       ||     4
  Use: Potion            |     3 |       ||     3
       Scroll            |     2 |       ||     2
 Stab: Sleeping          |     1 |     1 ||     2
Armor: Robe              |    21 |     5 ||    26
Dodge: Dodged            |   143 |    70 ||   213
       Rpst.: Long sword |     4 |    17 ||    21

Table legend: (Time is in decaauts)
 A = Elapsed time spent in this place.
 B = Non-inter-level travel time spent in this place.
 C = Inter-level travel time spent in this place.
 D = Time resting spent in this place.
 E = Time spent auto-exploring this place.
 F = Levels seen in this place.
 G = Mean time per level.
                   A        B        C        D        E       F      G
               +--------+--------+--------+--------+--------+-----+--------+
         Total |   2935 |   2895 |     40 |   1433 |    546 |   2 | 1467.5 |
       Dungeon |   2935 |   2895 |     40 |   1433 |    546 |   2 | 1467.5 |
               +--------+--------+--------+--------+--------+-----+--------+

Top non-repeatable levels by time:
     D:1: 2005 daAuts
     D:2: 930 daAuts
